 Dungeon Crawl Stone Soup version 0.24.0-28-g17ded55e90 (webtiles) character file.

Game seed: 14049042655146119325, levelgen mode: deterministic

157165 Delamore the Severer (level 17, -2/166 HPs)
             Began as a Hill Orc Fighter on Nov 13, 2019.
             Was an Elder of Qazlal.
             Slain by a shambling mangrove (19 damage)
             ... on level 2 of the Swamp.
             The game lasted 01:04:33 (27813 turns).

Delamore the Severer (Hill Orc Fighter)            Turns: 27813, Time: 01:04:33

Health: -2/166     AC: 28    Str: 30    XL:     17   Next: 39%
Magic:  0/26       EV:  9    Int:  4    God:    Qazlal [****..]
Gold:   1367       SH:  5    Dex: 10    Spells: 16/16 levels left

rFire    + . .     SeeInvis +   J - +2 battleaxe (vamp)
rCold    + . .     Gourm    .   (shield currently unavailable)
rNeg     . . .     Faith    .   I - +3 storm dragon scales {Bai Suzhen}
rPois    .         Spirit   +   H - +2 helmet {SInv}
rElec    +         Reflect  .   l - scarf {Spirit}
rCorr    .         Harm     .   y - +2 pair of gloves
MR       +....                  (no boots)
Stlth    ..........             u - amulet "Eliron" {Spirit rC+}
HPRegen  0.37/turn              h - ring of Xom's Regard {+Fly Str+4 Int-4 SInv}
MPRegen  0.20/turn              g - ring "Fystrawaf" {rF+ EV+3}

@: grasped by roots, constricted, repel missiles
A: mutation resistance 1
}: 1/15 runes: serpentine
a: Upheaval, Elemental Force, Renounce Religion, Evoke Flight


You were on level 2 of the Swamp.
You worshipped Qazlal.
Qazlal was greatly pleased with you.
You were not hungry.

You visited 5 branches of the dungeon, and saw 25 of its levels.
You also visited: Ossuary.

You collected 2794 gold pieces.
You spent 1427 gold pieces at shops.

Inventory:

Hand Weapons
 J - a +2 vampiric battleaxe (weapon)
 Q - the +9 spear "Ultimatum" {antimagic, rF+}
   (You found it on level 4 of the Lair of Beasts)

   It reduces the magical energy of the wielder, and disrupts the spells and
   magical abilities of those hit.
   Natural abilities and divine invocations are not affected.
   It protects you from fire.
Missiles
 e - 8 curare-tipped darts (quivered)
 E - 8 atropa-tipped darts
Armour
 l - a scarf of spirit shield (worn)
 y - a +2 pair of gloves (worn)
 H - a +2 helmet of see invisible (worn)
 I - +3 storm dragon scales (worn) {Bai Suzhen}
Jewellery
 g - the ring "Fystrawaf" (right hand) {rF+ EV+3}
   (You bought it in a shop on level 2 of the Orcish Mines)

   [ring of evasion]

   It affects your evasion (+3).
   It protects you from fire.
 h - the ring of Xom's Regard (left hand) {+Fly Str+4 Int-4 SInv}
   (You bought it in a shop on level 2 of the Orcish Mines)

   [ring of strength]

   It affects your strength (+4).
   It affects your intelligence (-4).
   It lets you see invisible.
   It lets you fly.
 u - the amulet "Eliron" (around neck) {Spirit rC+}
   (You found it on level 4 of the Dungeon)

   [amulet of guardian spirit]

   It causes incoming damage to be split between your health and magic.
   It protects you from cold.
 F - an uncursed ring of poison resistance
 T - an uncursed ring of positive energy
 U - an uncursed ring of protection from magic
Wands
 c - a wand of polymorph (8)
 n - a wand of digging (25)
 t - a wand of acid (39)
 v - a wand of paralysis (10)
 K - a wand of disintegration (22)
 M - a wand of clouds (5)
 X - a wand of flame (11)
 Y - a wand of iceblast (17)
Scrolls
 a - 4 scrolls of enchant armour
 j - 13 scrolls of remove curse
 q - 11 scrolls of teleportation
 z - 5 scrolls of fear
 C - a scroll of blinking
 N - 2 scrolls of brand weapon
 R - 3 scrolls of holy word
 S - 2 scrolls of magic mapping
 Z - 3 scrolls of enchant weapon
Potions
 b - 2 potions of cancellation
 d - 2 potions of might
 k - 11 potions of curing
 m - 6 potions of magic
 o - 2 potions of invisibility
 s - 9 potions of heal wounds
 w - 4 potions of flight
 B - 3 potions of haste
 D - 4 potions of agility
 L - a potion of brilliance
 V - 2 potions of ambrosia
Miscellaneous
 i - a phial of floods
 A - a lamp of fire
Comestibles
 f - 53 rations


   Skills:
 + Level 18.7 Fighting
 - Level 20.9 Axes
 + Level 17.4 Armour
   Level 3.2 Shields
 * Level 13.3 Invocations


You had 16 spell levels left.
You didn't know any spells.
Your spell library contained the following spells:

 Spells                   Type           Power        Failure   Level  Hunger
 Animate Skeleton         Necr           N/A          86%         1    ##.....
 Apportation              Tloc           #.....       86%         1    ##.....
 Confusing Touch          Hex            #.....       86%         1    ##.....
 Corona                   Hex            #......      86%         1    ##.....
 Flame Tongue             Conj/Fire      #....        86%         1    ##.....
 Shock                    Conj/Air       #...         86%         1    ##.....
 Summon Small Mammal      Summ           #...         86%         1    ##.....
 Blink                    Tloc           N/A          94%         2    ###....
 Shroud of Golubria       Chrm/Tloc      #.....       94%         2    ###....
 Slow                     Hex            #.......     94%         2    ###....
 Swiftness                Chrm/Air       #.......     94%         2    ###....
 Throw Flame              Conj/Fire      #.....       94%         2    ###....
 Conjure Flame            Conj/Fire      #.......     99%         3    ####...
 Gell's Gravitas          Tloc           #.........   99%         3    ####...
 Inner Flame              Hex/Fire       #.......     99%         3    ####...
 Lesser Beckoning         Tloc           #.........   99%         3    ####...
 Portal Projectile        Hex/Tloc       #.....       99%         3    ####...
 Recall                   Summ/Tloc      N/A          99%         3    ####...
 Static Discharge         Conj/Air       #.......     99%         3    ####...
 Teleport Other           Tloc           #.......     99%         3    ####...
 Airstrike                Air            #.........   100%        4    #####..
 Animate Dead             Necr           N/A          100%        4    #####..
 Cause Fear               Hex            #.........   100%        4    #####..
 Leda's Liquefaction      Hex/Erth       #.........   100%        4    #####..
 Passage of Golubria      Tloc           N/A          100%        4    #####..
 Sticky Flame             Conj/Fire      #.......     100%        4    #####..
 Borgnjor's Vile Clutch   Necr/Erth      #.........   100%        5    ######.
 Fireball                 Conj/Fire      #.........   100%        5    ######.
 Lightning Bolt           Conj/Air       #.........   100%        5    ######.
 Death Channel            Necr           #.........   100%        6    #######
 Simulacrum               Ice/Necr       #.........   100%        6    #######


Dungeon Overview and Level Annotations

Branches:
Dungeon (13/15)            Temple (0/1) D:4            Lair (4/6) D:11
  Swamp (2/4) Lair:4        Snake (4/4) Lair:4          Orc (2/2) D:10
    Elf (0/3) Orc:2        Vaults (0/5) D:13        Ossuary (visited)

Altars:
Cheibriados
Elyvilon
Fedhas
Hepliaklqana
Makhleb
Nemelex Xobeh
Qazlal
Ru
Sif Muna
Trog
Uskayaw
Wu Jian
Xom
Yredelemnul
The Shining One
Beogh

Shops:
D:7 *   Orc:2 (=*[   Snake:1 :[   Snake:3 }==

Annotations:
Snake:4 exclusion: oklob plant


Innate Abilities, Weirdness & Mutations

You are somewhat resistant to further mutation.


Message History

You slice the thorn hunter!!
The thorn hunter is almost destroyed.
You slice the shambling mangrove!! The thorn hunter hits you!
* * * LOW HITPOINT WARNING * * *
The thorn hunter hits you!
* * * LOW HITPOINT WARNING * * *
Unknown command.
You barely miss the thorn hunter.
The thorn hunter is almost destroyed.
You slash the shambling mangrove!
The briar patch crumbles away.
The shambling mangrove hits you but does no damage.
* * * LOW HITPOINT WARNING * * *
The grasping roots constrict you!
The thorn hunter hits you but does no damage. x2
You barely miss the thorn hunter.
The thorn hunter is almost destroyed.
You slash the shambling mangrove!
The briar patch crumbles away.
Angry insects surge out from beneath the shambling mangrove's foliage!
The shambling mangrove hits you!!
You die...

♣. ♣. ♣♣. ♣.
♣♣♣..≈ ♣≈♣♣.≈..≈≈≈
♣...y≈♣≈≈§≈
♣♣y♣P≈y≈.≈≈≈
.♣♣♣♣§f≈f≈≈≈≈♣≈♣≈
.>≈..P..@°♣♣≈.≈≈≈.
≈≈.≈≈≈P°§≈☼≈≈..≈..
≈≈§≈≈≈°≈○°≈♣..≈≈≈.
♣.≈≈≈≈≈≈.≈≈≈≈≈≈..
♣}.≈≈≈≈≈.≈≈.≈PP.♣
♣♣.≈≈≈≈≈≈≈≈.≈PP.♣


♣≈≈♣≈PPPPPPPPP.. ♣.≈.≈PP♣PPPPPP≈. ♣..≈≈≈≈♣♣♣≈..≈≈≈. You could see a thorn
hunter, a shambling mangrove and 3 hornets.

Vanquished Creatures
  Bai Suzhen (Snake:2)
  Vashnia (Snake:4)
  A thorn hunter (Swamp:2)
  10 nagarajas
  Kirke (Snake:4)
  An orc warlord (Orc:1)
  Aizul (Snake:3)
  Azrael (Orc:1)
  The ghost of Rysukh the Devastator, a journeyman DEFE of Vehumet (Lair:4)
  Harold (D:9)
  2 vault guards (D:13)
  5 hydras
  10 naga warriors
  Erica (D:9)
  2 alligators (Swamp:1)
  6 anacondas
  5 two-headed ogres
  2 orc high priests (Orc:2)
  2 shock serpents (Snake:1)
  13 naga sharpshooters
  Nergalle (Lair:4)
  The ghost of plexdo the Chiller, a novice DrIE of Vehumet (D:6)
  3 sea snakes (Snake:2)
  7 naga ritualists
  An unseen horror (D:12)
  4 orc knights
  3 orc sorcerers (Orc:2)
  A moth of wrath (Lair:4)
  8 mana vipers
  A cyclops (D:12)
  A deep elf mage (D:12)
  The ghost of Gumption the Grave Robber, a novice HuNe of Sif Muna (D:5)
  3 ugly things
  A manticore (D:11)
  5 salamanders
  5 elephants (Lair:3)
  Joseph (D:9)
  35 black mambas
  12 spiny frogs
  20 naga magi
  3 guardian serpents
  2 komodo dragons
  The ghost of diiiiiane the Covert, a novice OpAs of Dithmenos (D:6)
  A komodo dragon (shapeshifter) (Orc:2)
  2 rime drakes
  A queen bee (Lair:1)
  5 tyrant leeches
  A polar bear (Lair:4)
  7 trolls
  Grinder (D:3)
  9 hippogriffs
  11 slime creatures
  A hornet (Lair:4)
  A shadow (D:12)
  4 spriggans (Lair:4)
  10 humans (D:13)
  4 wyverns
  Grum (D:11)
  3 fire elementals
  3 hogs (Snake:4)
  32 yaks
  A basilisk (Lair:1)
  A steam dragon (Lair:2)
  3 hungry ghosts
  8 vampire mosquitoes
  9 wargs
  7 swamp worms
  Edmund (D:6)
  2 acid dragons (D:11)
  58 nagas
  2 hell hounds (Orc:2)
  9 porcupines
  6 water moccasins
  A swamp drake (Swamp:1)
  3 sky beasts
  3 black bears
  39 orc warriors
  An ice beast (D:11)
  6 phantoms
  9 wolves
  A necrophage (D:9)
  17 ogres
  3 centaurs
  7 crocodiles
  4 big kobolds
  11 bullfrogs
  4 water moccasin zombies (Ossuary)
  A scorpion (D:12)
  33 killer bees
  5 wights (D:12)
  3 howler monkeys (D:7)
  7 crimson imps
  A bullfrog zombie (D:13)
  A lava snake (Lair:2)
  6 jellies
  2 quasits
  4 centaur skeletons
  36 orc wizards
  4 bullfrog skeletons
  19 orc priests
  7 hounds
  2 iguanas
  8 worker ants
  2 big kobold zombies (Ossuary)
  2 hound skeletons
  2 mummies (Ossuary)
  A howler monkey zombie (D:5)
  4 worker ant zombies
  3 gnolls (D:8)
  10 adders
  7 shadow imps
  5 oozes
  2 adder skeletons (D:8)
  4 adder zombies
  3 worms
  5 dart slugs
  9 leopard geckos
  89 orcs
  2 ball pythons
  6 giant cockroaches
  2 gnoll zombies (Ossuary)
  7 goblins
  10 hobgoblins
  5 jackals
  6 quokkas
  11 bats
  3 frilled lizards
  7 hobgoblin zombies (Ossuary)
  A jackal skeleton (D:6)
  25 kobolds
  4 kobold zombies (Ossuary)
  2 orc zombies (Ossuary)
  2 quokka skeletons
  9 rats
  7 briar patches (Swamp:2)
  A fungus (Lair:1)
  A plant (Lair:2)
898 creatures vanquished.

Vanquished Creatures (others)
  A slime creature (Swamp:2)
  A hornet (Lair:4)
  2 spriggans (Lair:4)
  2 fungi
  5 plants
11 creatures vanquished.

Grand Total: 909 creatures vanquished

Notes
Turn   | Place    | Note
-------+----------+-------------------------------------------
     0 | D:1      | Delamore the Hill Orc Fighter began the quest for the Orb.
     0 | D:1      | Reached XP level 1. HP: 19/19 MP: 1/1
    22 | D:1      | Reached skill level 3 in Axes
   294 | D:1      | Reached XP level 2. HP: 24/26 MP: 2/2
   376 | D:1      | Reached skill level 4 in Axes
   647 | D:1      | Reached XP level 3. HP: 26/31 MP: 3/3
   785 | D:1      | Reached skill level 5 in Axes
  1161 | D:2      | Reached XP level 4. HP: 33/39 MP: 4/4
  1285 | D:2      | Reached skill level 6 in Axes
  1732 | D:2      | Noticed an ogre
  1744 | D:2      | Killed an ogre
  1744 | D:2      | Reached skill level 7 in Axes
  1744 | D:2      | Reached XP level 5. HP: 36/45 MP: 5/5
  1876 | D:2      | Found a stormy altar of Qazlal.
  1887 | D:2      | Became a worshipper of Qazlal Stormbringer
  1893 | D:2      | You fall into a shaft and drop 2 floors!
  1905 | D:4      | Reached skill level 8 in Axes
  1905 | D:4      | Reached XP level 6. HP: 49/51 MP: 6/6
  2402 | D:3      | Noticed Grinder
  2412 | D:3      | Killed Grinder
  2412 | D:3      | Reached skill level 10 in Axes
  2412 | D:3      | Reached XP level 7. HP: 50/57 MP: 7/7
  2650 | D:3      | Reached * piety under Qazlal
  2984 | D:4      | Found a white marble altar of Elyvilon.
  2995 | D:4      | Got a bound bronze amulet
  3082 | D:4      | Found a staircase to the Ecumenical Temple.
  3107 | D:4      | Identified the amulet "Eliron" {Spirit rC+} (You found it
                  | on level 4 of the Dungeon)
  3384 | D:4      | Found a sparkling altar of Nemelex Xobeh.
  3463 | D:4      | Found a snail-covered altar of Cheibriados.
  3503 | D:5      | Entered Level 5 of the Dungeon
  3519 | D:5      | Reached skill level 11 in Axes
  4011 | D:5      | Noticed Gumption's ghost (novice HuNe)
  4013 | D:5      | Found a runed translucent gate.
  4014 | D:5      | Found a runed translucent gate.
  4014 | D:5      | Found a runed translucent gate.
  4055 | D:5      | HP: 2/57 [Gumption's ghost/vampiric draining (10)]
  4089 | D:5      | Killed Gumption's ghost
  4089 | D:5      | Reached skill level 12 in Axes
  4089 | D:5      | Reached XP level 8. HP: 34/64 MP: 5/8
  4492 | D:6      | Found a sand-covered staircase.
  4504 | Ossuary  | Entered an ossuary
  4534 | Ossuary  | Reached ** piety under Qazlal
  4563 | Ossuary  | Reached skill level 13 in Axes
  4732 | D:6      | Found a runed translucent gate.
  4732 | D:6      | Found a runed translucent gate.
  4733 | D:6      | Found a runed translucent gate.
  4742 | D:6      | Noticed plexdo's ghost (novice DrIE)
  4743 | D:6      | Noticed diiiiiane's ghost (novice OpAs)
  4800 | D:6      | Reached skill level 14 in Axes
  4800 | D:6      | Reached XP level 9. HP: 66/70 MP: 9/9
  4828 | D:6      | Noticed Edmund
  4850 | D:6      | Killed Edmund
  5366 | D:6      | Killed diiiiiane's ghost
  5366 | D:6      | Reached skill level 15 in Axes
  5404 | D:6      | Killed plexdo's ghost
  5404 | D:6      | Reached skill level 16 in Axes
  6053 | D:7      | Reached XP level 10. HP: 73/77 MP: 10/10
  6067 | D:7      | Reached *** piety under Qazlal
  6078 | D:7      | Reached skill level 17 in Axes
  6219 | D:7      | Found Weoserio's Assorted Antiques.
  6224 | D:7      | Bought a scroll labeled XOENOIMYSITH for 21 gold pieces
  6224 | D:7      | Bought a scroll labeled AVOFON HOEGI for 21 gold pieces
  6224 | D:7      | Bought a runed battleaxe for 199 gold pieces
  6224 | D:7      | Bought a scroll labeled XOENOIMYSITH for 21 gold pieces
  6233 | D:7      | Identified the +1 quarterstaff of Itaheych {venom, *Corrode
                  | +Rage rC+++ Int-4}
  6240 | D:7      | Found a shimmering altar of Xom.
  6511 | D:7      | Found a glowing golden altar of the Shining One.
  6619 | D:7      | Found a hazy altar of Hepliaklqana.
  6917 | D:8      | Reached skill level 18 in Axes
  7369 | D:8      | Reached **** piety under Qazlal
  7690 | D:9      | Noticed Erica
  7703 | D:9      | Paralysed by something for 7 turns
  7707 | D:9      | Reached skill level 19 in Axes
  7720 | D:9      | Killed Erica
  7720 | D:9      | Reached XP level 11. HP: 41/82 MP: 6/11
  8108 | D:9      | Found a hide-covered altar of Uskayaw.
  8203 | D:9      | Noticed Joseph
  8217 | D:9      | Killed Joseph
  8217 | D:9      | Reached skill level 20 in Axes
  8553 | D:9      | Found a basalt altar of Yredelemnul.
  8559 | D:9      | Found a snail-covered altar of Cheibriados.
  8755 | D:9      | Found a sacrificial altar of Ru.
  8849 | D:9      | Found a shimmering blue altar of Sif Muna.
  9152 | D:9      | Noticed Harold
  9159 | D:9      | Killed Harold
  9205 | D:9      | Found a bloodstained altar of Trog.
  9209 | D:9      | Found a burning altar of Makhleb.
  9306 | D:10     | Entered Level 10 of the Dungeon
  9927 | D:10     | Found a staircase to the Orcish Mines.
 10018 | Orc:1    | Entered Level 1 of the Orcish Mines
 10081 | Orc:1    | Reached skill level 5 in Fighting
 10403 | Orc:1    | Reached skill level 5 in Armour
 10944 | Orc:2    | Entered Level 2 of the Orcish Mines
 10944 | Orc:2    | Noticed Azrael
 10944 | Orc:2    | Noticed an orc high priest
 11180 | Orc:2    | Reached ***** piety under Qazlal
 11259 | Orc:2    | Reached XP level 12. HP: 96/96 MP: 12/12
 11344 | Orc:2    | Noticed a soul eater
 11935 | Orc:2    | Noticed an orc high priest
 11943 | Orc:2    | Noticed an orc warlord
 11948 | Orc:2    | Noticed a soul eater
 11983 | Orc:1    | Killed an orc warlord
 12335 | Orc:2    | Killed an orc high priest
 12764 | Orc:2    | Noticed a soul eater
 12765 | Orc:2    | Killed an orc high priest
 13206 | Orc:1    | Killed Azrael
 13652 | Orc:2    | Found a staircase to the Elven Halls.
 13665 | Orc:2    | Reached skill level 10 in Fighting
 14070 | Orc:2    | Found a roughly hewn altar of Beogh.
 14087 | Orc:2    | Reached XP level 13. HP: 56/114 MP: 5/13
 14124 | Orc:2    | Reached skill level 10 in Armour
 14350 | Orc:2    | Found Naon's Antique Weapon Shoppe.
 14453 | Orc:2    | Found Houxt's Antique Armour Shoppe.
 14632 | Orc:2    | Found Wozurant's Jewellery Shoppe.
 14641 | Orc:2    | Bought the ring of Xom's Regard {+Fly Str+4 Int-4 SInv} for
                  | 319 gold pieces
 14649 | Orc:2    | Found Qiennie's General Store.
 14658 | Orc:2    | Bought a scarf of spirit shield for 135 gold pieces
 14658 | Orc:2    | Bought a potion of heal wounds for 75 gold pieces
 14658 | Orc:2    | Bought a scroll of identify for 30 gold pieces
 14679 | Orc:2    | Bought a runed battleaxe for 256 gold pieces
 14819 | Orc:2    | Bought the ring "Fystrawaf" {rF+ EV+3} for 350 gold pieces
 15175 | D:11     | Found a staircase to the Lair.
 15314 | D:11     | Noticed Grum
 15320 | D:11     | Killed Grum
 15896 | D:12     | Reached ****** piety under Qazlal
 16645 | D:13     | Reached XP level 14. HP: 124/129 MP: 12/14
 16687 | D:13     | Gained mutation: You possess an exceptional clarity of
                  | mind. [potion of mutation]
 16687 | D:13     | Gained mutation: You have a somewhat thin skeletal
                  | structure. (Dex +2, Stealth) [potion of mutation]
 16688 | D:13     | Lost mutation: You have a somewhat thin skeletal structure.
                  | (Dex +2, Stealth) [potion of mutation]
 16688 | D:13     | Lost mutation: You possess an exceptional clarity of mind.
                  | [potion of mutation]
 16688 | D:13     | Gained mutation: You are frail. (-10% HP) [potion of
                  | mutation]
 16688 | D:13     | Gained mutation: Your body sometimes deteriorates upon
                  | taking damage. [potion of mutation]
 16688 | D:13     | Gained mutation: You are surrounded by a mild repulsion
                  | field. (EV +2) [potion of mutation]
 16688 | D:13     | Gained mutation: Your flesh is cold resistant. (rC+)
                  | [potion of mutation]
 16689 | D:13     | Lost mutation: You are frail. (-10% HP) [potion of
                  | mutation]
 16689 | D:13     | Lost mutation: Your body sometimes deteriorates upon taking
                  | damage. [potion of mutation]
 16689 | D:13     | Lost mutation: You are surrounded by a mild repulsion
                  | field. (EV +2) [potion of mutation]
 16689 | D:13     | Gained mutation: You tend to lose your temper in combat.
                  | [potion of mutation]
 16689 | D:13     | Gained mutation: You are somewhat resistant to further
                  | mutation. [potion of mutation]
 16876 | D:13     | Found a gate to the Vaults.
 17114 | Lair:1   | Entered Level 1 of the Lair of Beasts
 17596 | Lair:1   | Lost mutation: You tend to lose your temper in combat.
                  | [potion of mutation]
 17596 | Lair:1   | Gained mutation: You have sharp toenails. [potion of
                  | mutation]
 18956 | Lair:3   | Reached skill level 15 in Fighting
 19504 | Lair:4   | Noticed Nergalle
 19523 | Lair:4   | Killed Nergalle
 19737 | Lair:4   | Found a staircase to the Snake Pit.
 19767 | Lair:4   | Identified the +8 trident of Summertime {elec, +Rage rPois
                  | rN+ Int+3}
 19769 | Lair:4   | Noticed Rysukh's ghost (journeyman DEFE)
 19770 | Lair:4   | Identified the +9 spear "Ultimatum" {antimagic, rF+}
 19791 | Lair:4   | Found a bloodstained altar of Trog.
 19809 | Lair:4   | Found a transporter.
 19847 | Lair:4   | Found a transporter.
 20110 | Lair:4   | Found a staircase to the Swamp.
 20559 | Lair:4   | Killed Rysukh's ghost
 20559 | Lair:4   | Reached XP level 15. HP: 143/143 MP: 4/15
 20662 | Snake:1  | Entered Level 1 of the Snake Pit
 20765 | Snake:1  | Got a bloodstained falchion
 20772 | Snake:1  | Identified the +8 falchion of Kohigeo {vamp, rElec rN+
                  | Str+3 Stlth+} (You found it on level 1 of the Snake Pit)
 20844 | Snake:1  | Found Mecw's Antique Armour Boutique.
 20847 | Snake:1  | Noticed a nagaraja
 20853 | Snake:1  | Reached skill level 15 in Armour
 20865 | Snake:1  | Killed a nagaraja
 21302 | Snake:1  | Noticed a nagaraja
 21308 | Snake:1  | Killed a nagaraja
 21464 | Snake:1  | Found Yxoxos's Book Shop.
 22048 | Snake:2  | Noticed a nagaraja
 22060 | Snake:2  | Killed a nagaraja
 22060 | Snake:2  | Reached skill level 1 in Invocations
 23423 | Snake:3  | Noticed a nagaraja
 23426 | Snake:3  | Noticed Aizul
 23433 | Snake:3  | Killed a nagaraja
 23433 | Snake:3  | Reached skill level 5 in Invocations
 23433 | Snake:3  | Reached XP level 16. HP: 145/155 MP: 17/19
 23448 | Snake:3  | Killed Aizul
 23908 | Snake:3  | Noticed Bai Suzhen
 23965 | Snake:2  | Killed Bai Suzhen
 24049 | Snake:3  | Noticed a nagaraja
 24057 | Snake:3  | Killed a nagaraja
 24291 | Snake:3  | Found Muloraaf's Gadget Shop.
 24291 | Snake:3  | Found Zaecut's Jewellery Emporium.
 24292 | Snake:3  | Found Udoustua's Jewellery Emporium.
 24333 | Snake:4  | Entered Level 4 of the Snake Pit
 24333 | Snake:4  | Found an ornate altar of the Wu Jian Council.
 24348 | Snake:4  | Found a blossoming altar of Fedhas.
 24765 | Snake:4  | Noticed Kirke
 24779 | Snake:4  | Noticed a sphinx
 24781 | Snake:4  | Noticed a sphinx
 24784 | Snake:4  | Killed Kirke
 24955 | Snake:4  | Noticed a nagaraja
 24958 | Snake:4  | Noticed a nagaraja
 24961 | Snake:4  | Reached skill level 10 in Invocations
 24967 | Snake:4  | Noticed Vashnia
 24992 | Snake:4  | Killed a nagaraja
 25360 | Snake:4  | Noticed a nagaraja
 25722 | Snake:4  | Noticed a nagaraja
 25732 | Snake:4  | Noticed a nagaraja
 25861 | Snake:4  | Killed Vashnia
 25871 | Snake:4  | Killed a nagaraja
 25880 | Snake:4  | Killed a nagaraja
 25880 | Snake:4  | Reached XP level 17. HP: 161/166 MP: 21/25
 26450 | Snake:4  | Got a serpentine rune of Zot
 26575 | Snake:4  | Lost mutation: Your flesh is cold resistant. (rC+) [potion
                  | of mutation]
 26575 | Snake:4  | Lost mutation: You have sharp toenails. [potion of
                  | mutation]
 26664 | Swamp:1  | Entered Level 1 of the Swamp
 27813 | Swamp:2  | Slain by a shambling mangrove

Levels and vault maps discovered:
D:1:      sevenhm_arrival_forest_fort_large_4, layout_loops_cross
D:2:      layout_loops_ring, first_ration, grunt_qazlal_sundering
D:3:      layout_loops_ring, uniq_grinder
D:4:      layout_cave_pools, marbit_many_paths, elyvilon_altar_3,
          minmay_temple_entry_sparse_star, kennysheep_slug_shrine
D:5:      layout_loops_ring, gammafunk_ghost_nasty_kobolds
D:6:      layout_basic, nicolae_ossuary_entry_monument,
          gammafunk_ghost_cemetery, skrybe_limestone_x, uniq_edmund
D:7:      layout_basic, lemuel_coloured_pillars_altar, kennysheep_mini,
          nicolae_overflow_hidden_temple, serial_shops, kennysheep_little_box,
          minmay_misc_feat_hallway
D:8:      layout_gridville
D:9:      layout_irregular_city, led_sif_book, nicolae_overflow_crystal_walls,
          lemuel_doored_altar, minitemple, grunt_temple_overflow_open,
          uniq_harold, uniq_erica, uniq_joseph
D:10:     layout_big_octagon, david_orc_4
D:11:     layout_rooms, erik_lair_orcish_takeover, uniq_grum
D:12:     minmay_recursive_quarters, layout_rooms
D:13:     layout_loops_ring, ximxim_vaults_locker_room, blue_anna_alchemist
          [blue_anna_fruit_fields, blue_anna_fruit_fields],
          kennysheep_generic_room_2
Lair:1:   layout_roguey [special_room_bee]
Lair:2:   layout_gridlike
Lair:3:   layout_small_grid
Lair:4:   layout_gridlike, palyth_hydra_swamp_entry,
          minmay_snake_entry_guardpost_small, gammafunk_ghost_wrathful_warriors,
          uniq_nergalle
Swamp:1:  layout_falls_marsh, hangedman_swamp_pad, swamp_pool3
Swamp:2:  layout_falls_marsh, evilmike_swamp_ruin_rubble_1, swamp_pool3
Snake:1:  layout_misc_corridors, serial_shops, shop, grunt_ministairs_7,
          grunt_megastairs_1, minmay_shop_star
Snake:2:  cheibrodos_snake_ritualist_ritual, layout_misc_corridors,
          serial_bayou_shore_a, serial_bayou_shore_b
Snake:3:  layout_onion_interference, minmay_shop_grove, uniq_aizul,
          uniq_bai_suzhen
Snake:4:  minmay_snake_end_coiled, layout_onion_interference, basic_altar,
          st_stairs_5, lemuel_oklob_altar, uniq_vashnia, uniq_kirke
Orc:1:    layout_caves
Orc:2:    grunt_orc_cross, layout_caves, uniq_azrael

Skill      XL: |  1  2  3  4  5  6  7  8  9 10 11 12 13 14 15 16 17 |
---------------+----------------------------------------------------+-----
Axes           | 3 4 5 7 8 10 12 14 16 19 20 | 20.9
Fighting       | 6 10 13 15 17 18 | 18.7
Armour         | 5 9 12 14 16 17 | 17.4
Invocations    | 5 11 13 | 13.3
Shields        | |  3.2

Action                   |  1- 3 |  4- 6 |  7- 9 | 10-12 | 13-15 | 16-18 || total
-------------------------+-------+-------+-------+-------+-------+-------++-------
Melee: War axe           |    97 |   185 |   484 |    49 |       |       ||   815
       Battleaxe         |       |       |       |   598 |   940 |   430 ||  1968
       Kick              |       |       |       |       |   138 |   119 ||   257
Throw: Dart              |       |       |       |     3 |       |     2 ||     5
       Javelin           |       |       |       |     2 |       |       ||     2
Invok: Upheaval          |       |       |       |     3 |       |       ||     3
       Disaster Area     |       |       |       |       |     1 |     4 ||     5
Evoke: Wand              |       |       |     1 |     8 |       |     1 ||    10
  Use: Potion            |       |       |     5 |     1 |     5 |     1 ||    12
       Scroll            |       |       |     4 |    10 |    11 |       ||    25
 Stab: Confused          |       |       |       |       |     2 |       ||     2
       Invisible         |       |       |       |       |     1 |       ||     1
  Eat: Chunk             |     1 |     4 |     9 |    24 |    26 |     5 ||    69
       Ration            |       |       |     1 |     1 |     2 |     3 ||     7
Armor: Scale mail        |    58 |    85 |   134 |    24 |       |       ||   301
       Skin              |       |       |    13 |       |       |       ||    13
       Plate armour      |       |       |       |   342 |   377 |    52 ||   771
       Storm dragon scal |       |       |       |       |       |   197 ||   197
Dodge: Dodged            |    33 |    51 |    67 |   170 |   341 |   173 ||   835
       Deflected         |       |       |       |    19 |    38 |    63 ||   120
Block: Shield            |    52 |    88 |   180 |    12 |       |       ||   332
       Other             |       |       |       |   142 |   303 |   171 ||   616
